 Dungeon Crawl Stone Soup version 0.17-a0-1485-g22cb0ee (webtiles) character file.

31 urechis the Ruffian (level 3, -2/31 HPs)
             Began as a Ghoul Monk on July 5, 2015.
             Slain by a gnoll (6 damage)
             ... on level 1 of the Dungeon.
             The game lasted 00:01:34 (1050 turns).

urechis the Ruffian (Ghoul Monk)                    Turns: 1050, Time: 00:01:34

Health: -2/31      AC:  2    Str: 14    XL:     3   Next: 22%
Magic:  2/2        EV: 13    Int:  5    God:
Gold:   70         SH:  0    Dex: 12    Spells: 0 memorised, 2 levels left

rFire  . . .     SeeInvis .       - Unarmed
rCold  + . .     Clarity  .     a - +0 robe
rNeg   + + +     SustAt   .     (no shield)
rPois  ∞         Gourm    .     (no helmet)
rElec  .         Spirit   .     (no cloak)
rCorr  .         Warding  .     (no gloves)
rMut   .         Stasis   .     (no boots)
MR     .....                    (no amulet)
Stlth  ++........               (no ring)
                                (no ring)

@: rotting, not resistant to hostile enchantments, unstealthy
A: rotting body, claws 1, carnivore 3, cold resistance 1, negative energy
resistance 3, slow healing 1, torment resistance, unbreathing
a: no special abilities


You were on level 1 of the Dungeon.
You were not hungry.

You visited 1 branch of the dungeon, and saw 2 of its levels.

You collected 70 gold pieces.

Inventory:

Armour
 a - a +0 robe (worn)
Scrolls
 c - a scroll of amnesia {unknown}
 e - 4 scrolls of recharging {unknown}
 f - a scroll of fog {unknown}
 g - 2 scrolls of teleportation {unknown}
Potions
 d - a potion of agility {unknown}
Comestibles
 b - 3 meat rations
 h - 3 chunks of flesh


   Skills:
 + Level 3.5 Fighting
 + Level 3.1 Dodging
 - Level 2.1 Stealth
 * Level 4.9 Unarmed Combat


You had 2 spell levels left.
You didn't know any spells.

Dungeon Overview and Level Annotations

Branches:
Dungeon (2/15)

Altars:


Innate Abilities, Weirdness & Mutations

Your body is rotting away.
You thrive on raw meat.
You are immune to poison.
You have sharp fingernails.
You are carnivorous and can eat meat at any time.
Your flesh is cold resistant.
You are immune to negative energy.
You heal slowly when monsters are visible.
You are immune to unholy pain and torment.
You can survive without breathing.


Message History

You barely miss the gnoll.
The gnoll is lightly wounded.
You barely miss the gnoll.
The gnoll is lightly wounded.
The gnoll hits you but does no damage. The gnoll closely misses you.
The gnoll hits you. The gnoll closely misses you.
You climb upwards.
There is a stone staircase leading down here.
You closely miss the gnoll.
The gnoll is lightly wounded.
The gnoll closely misses you. The gnoll hits you with a club!
* * * LOW HITPOINT WARNING * * *
You scratch the gnoll.
The gnoll begins to bleed from its wounds!
The gnoll is heavily wounded.
The gnoll misses you. The gnoll hits you but does no damage.
You barely miss the gnoll.
The gnoll is heavily wounded.
The gnoll hits you.
You die...

#............###.#....##########
#.##.##......##..#.......# #...
####.###.....#.≈.........# #...
♣.♣ #.....♣♣≈≈........# #...
###♣♣.♣♣#.....P≈♣P....#...# #...
#..........#..#≈≈.....#...# #...
#.#♣♣.♣♣#.....#PP.....#...####...
#.# ♣.♣ #.....#.......#...#......
#.###.###.......@................
#..##.#........gg................
##.##..........####.#....##......
#.............# #...............
#######........# #...............
....# #...##.#####...............
###.###...##.....................
#......).........................
#.#.##.....#........####........#


You could see 2 gnolls.

Vanquished Creatures
  An adder (D:2)
  A giant cockroach (D:2)
  2 goblins (D:1)
  4 hobgoblins
  2 jackals (D:2)
  2 bats (D:2)
  4 giant newts (D:1)
  6 kobolds
  2 rats (D:1)
24 creatures vanquished.

Vanquished Creatures (others)
  A kobold (D:1)
1 creature vanquished.

Grand Total: 25 creatures vanquished

Notes
Turn   | Place    | Note
--------------------------------------------------------------
     0 | D:1      | urechis the Ghoul Monk began the quest for the Orb.
     0 | D:1      | Reached XP level 1. HP: 19/19 MP: 0/0
   168 | D:1      | Reached XP level 2. HP: 19/26 MP: 1/1
   949 | D:2      | Reached XP level 3. HP: 25/31 MP: 2/2
  1050 | D:1      | Slain by a gnoll

Vault maps used:
D:1:      dpeg_arrival_tiny_j, serial_bayou_pond_d, minmay_tree_intersection,
          minmay_crystal_room, lemuel_another_geyser

Action                   || total
-------------------------++-------
Melee: Unarmed           ||    74
 Stab: Sleeping          ||     2
  Eat: Chunk             ||     7
